Kings vs Panthers
Created - 30 décembre 2016 at 21:28
Goals
|
| Kings |
1 |
3 |
2 |
6 |
| Panthers |
1 |
2 |
1 |
4 |
|
Shots
|
| Kings |
9 |
13 |
6 |
28 |
| Panthers |
9 |
18 |
14 |
41 |
|
1st period
1. Kings , Ted Purcell 13 (Jordan Eberle, Michael Kostka) at 4:47
2. Panthers , Mike Fisher 4 (Ryan Bayda, Matt Halischuk) at 15:59
Penalties :
Keith Aulie (Flo) for Tripping (Minor) at 7:31, Matthew Spiller (Flo) for Diving (Minor) at 19:06
2nd period
3. Panthers , Sidney Crosby 11 (Marian Hossa, Guillaume Latendresse) at 6:00
4. Panthers , Guillaume Latendresse 11 (Sidney Crosby) at 6:15
5. Kings , Erik Christensen 5 (Erik Cole, Drew Doughty) at 7:34
6. Kings , Evander Kane 9 (Anze Kopitar, Erik Christensen) at 16:35 (PP)
7. Kings , Evander Kane 10 (Chad Larose, Michael Kostka) at 17:03
Penalties :
Erik Christensen (LAK) for Delaying the game (Minor) at 3:00, Guillaume Latendresse (Flo) for Hooking (Minor) at 10:27, Nick Schultz (Flo) for Holding (Minor) at 16:01, Brent Sopel (LAK) for Hooking (Minor) at 17:27
3rd period
8. Panthers , Guillaume Latendresse 12 (Sidney Crosby, Steve Montador) at 0:08
9. Kings , Erik Christensen 6 (Drew Doughty, Erik Cole) at 10:09
10. Kings , Lubomir Visnovsky 1 (Daniel Cleary, Dominic Moore) at 19:31 (Empty Net)
Penalties :
Jordan Nolan (LAK) for Tripping (Minor) at 0:29, Guillaume Latendresse (Flo) for Interference (Minor) at 10:22, Evander Kane (LAK) for Interference (Minor) at 10:27, Marian Hossa (Flo) for Hooking (Minor) at 14:30
Goalie Stats
Jonathan Quick (LAK), 37 saves from 41 shots - (0,902), W, 12-5-6, 60:00 minutes
Antti Niemi (Flo), 22 saves from 27 shots - (0,815), L, 9-8-2, 59:44 minutes
Players Stats for Kings
Player Name G A P +/- PIM S H SB GA TA FO MP PP MP PK MP
------------------------------------------------------------------------------------
Anze Kopitar 0 1 1 -2 0 3 2 0 1 0 11/24 20:41 4:55 1:07
Brent Sopel 0 0 0 1 2 1 0 1 1 2 0/0 14:27 0:00 0:00
Cam Atkinson 0 0 0 2 0 1 0 0 0 0 0/0 7:43 0:00 0:00
Chad Larose 0 1 1 -2 0 0 3 1 0 1 1/2 21:31 3:30 3:25
Daniel Cleary 0 1 1 1 0 1 0 1 0 0 0/0 9:15 0:01 1:25
Dominic Moore 0 1 1 1 0 3 0 1 0 0 4/12 11:25 0:10 3:30
Drew Doughty 0 2 2 2 0 4 1 2 1 1 0/0 26:56 4:19 3:09
Erik Christensen 2 1 3 2 2 2 0 0 0 0 5/5 13:04 4:16 0:00
Erik Cole 0 2 2 3 0 2 1 0 0 0 0/0 12:29 0:01 1:30
Erik Karlsson 0 0 0 -2 0 0 1 1 0 1 0/0 15:49 4:16 0:00
Evander Kane 2 0 2 -2 2 3 1 0 1 0 1/2 19:43 5:03 1:07
Jordan Eberle 0 1 1 0 0 2 1 0 0 1 1/2 19:55 5:04 0:00
Jordan Nolan 0 0 0 0 2 0 2 0 1 0 8/22 18:08 3:30 0:00
Ladislav Nagy 0 0 0 0 0 1 1 1 0 0 0/0 6:20 0:00 0:00
Lubomir Visnovsky 1 0 1 2 0 2 2 1 1 0 0/0 20:51 0:00 3:14
Michael Kostka 0 2 2 1 0 1 2 1 1 1 0/0 24:12 4:19 2:53
Ted Purcell 1 0 1 0 0 2 0 1 0 1 1/1 17:15 3:30 0:00
Tim Ramholt 0 0 0 -2 0 0 2 1 2 0 0/0 12:16 0:00 2:48
Players Stats for Panthers
Player Name G A P +/- PIM S H SB GA TA FO MP PP MP PK MP
------------------------------------------------------------------------------------
Alexander Perezhogin 0 0 0 -1 0 0 2 0 0 0 0/0 9:20 0:06 0:00
Brad Stuart 0 0 0 1 0 0 4 0 0 0 0/0 12:54 0:00 3:18
Guillaume Latendresse 2 1 3 2 4 6 0 1 0 2 2/3 22:15 3:21 4:02
Jeff Tambellini 0 0 0 -1 0 2 1 0 0 0 0/0 11:36 0:06 1:27
Keith Aulie 0 0 0 0 2 3 2 0 1 3 0/0 18:08 3:00 0:00
Marian Hossa 0 1 1 2 2 2 2 1 0 1 2/4 18:30 3:16 0:00
Matt Halischuk 0 1 1 1 0 2 3 1 0 0 0/0 8:06 0:00 0:00
Matthew Spiller 0 0 0 0 2 2 1 2 0 1 0/0 21:39 3:00 4:15
Mike Fisher 1 0 1 1 0 1 1 0 1 0 2/3 8:57 0:00 0:51
Nick Schultz 0 0 0 1 2 0 1 1 0 0 0/0 9:06 0:00 0:00
Oliver Ekman-Larsson 0 0 0 -2 0 4 1 1 0 1 0/0 28:29 3:02 3:35
Peter Prucha 0 0 0 -3 0 1 3 1 0 0 0/0 13:49 2:35 0:00
Ryan Bayda 0 1 1 1 0 2 2 0 0 0 0/1 10:03 0:06 1:27
Scott Gomez 0 0 0 -3 0 5 3 0 0 0 4/11 17:34 2:40 2:08
Sergei Samsonov 0 0 0 -3 0 4 2 2 2 0 0/1 16:07 2:35 2:08
Shawn Horcoff 0 0 0 -1 0 1 2 0 1 0 3/7 8:50 0:00 0:00
Sidney Crosby 1 2 3 2 0 5 3 1 2 0 25/40 24:18 3:21 5:07
Steve Montador 0 1 1 -2 0 1 0 1 1 1 0/0 29:44 3:02 6:02
3 Stars
1 - Sidney Crosby (Flo)
2 - Erik Christensen (LAK)
3 - Guillaume Latendresse (Flo)
Power Play
Kings - 1 on 6 Attempt(s) - 16,67%
Panthers - 0 on 4 Attempt(s) - 0,00%
Penalty Kill
Kings - 4 on 4 Attempt(s) - 100,00%
- Score 0 goal in Penalty Kill
Panthers - 5 on 6 Attempt(s) - 83,33%
- Score 0 goal in Penalty Kill
Team Stat
Kings - Hits : 19 - Faceoff Wins : 32 - Blocked Shots : 12 - Penalty Minutes : 8
Panthers - Hits : 33 - Faceoff Wins : 38 - Blocked Shots : 12 - Penalty Minutes : 12
Official
Referees : Fraser Kerry and Pollock Kevin
Linesman : Andy McElman and Mark Shewchyk
Game Notes
Lubomir Visnovsky has scored in a empty net!
Finance
Level 1 -- Attendance: 6000 (100,00%) -- Ticket Income 498 000 $
Level 2 -- Attendance: 4390 (87,80%) -- Ticket Income 219 500 $
Level 3 -- Attendance: 1213 (60,65%) -- Ticket Income 50 946 $
Level 4 -- Attendance: 2920 (73,00%) -- Ticket Income 78 840 $
Luxury Box -- Attendance: 950 (95,00%) -- Ticket Income 133 000 $
Game was played at the Bank Atlantic Cente.
Total Attendance: 15473 (85,96%)
Total Ticket Income: 980 286 $
Other Income: 147 043 $
Total Income: 1 127 329 $
Kings
5 vs 5 Forward
Center Left Wing Right Wing Time % Phy DF OF
1 Jordan Nolan Ted Purcell Jordan Eberle 35 1 2 2
2 Anze Kopitar Evander Kane Chad Larose 35 1 2 2
3 Erik Christensen Erik Cole Cam Atkinson 20 0 3 2
4 Dominic Moore Ladislav Nagy Daniel Cleary 10 1 2 2
5 vs 5 Defense
Defense Defense Time % Phy DF OF
1 Drew Doughty Lubomir Visnovsky 40 0 3 2
2 Brent Sopel Michael Kostka 35 0 3 2
3 Tim Ramholt Erik Karlsson 25 1 3 1
4 Drew Doughty Erik Karlsson 0 1 3 1
PowerPlay Forward
Center Left Wing Right Wing Time % Phy DF OF
1 Anze Kopitar Evander Kane Jordan Eberle 60 1 0 4
2 Jordan Nolan Ted Purcell Chad Larose 40 1 0 4
PowerPlay Defense
Defense Defense Time % Phy DF OF
1 Drew Doughty Michael Kostka 60 0 2 3
2 Erik Christensen Erik Karlsson 40 0 3 2
Penalty Kill 4 Players Forward
Center Wing Time % Phy DF OF
1 Dominic Moore Chad Larose 60 1 2 2
2 Daniel Cleary Erik Cole 40 1 2 2
Penalty Kill 4 Players Defense
Defense Defense Time % Phy DF OF
1 Lubomir Visnovsky Drew Doughty 60 1 4 0
2 Michael Kostka Tim Ramholt 40 1 4 0
Penalty Kill - 3 Players Forward
Forward Time % Phy DF OF
1 Dominic Moore 60 1 4 0
2 Anze Kopitar 40 1 4 0
Penalty Kill - 3 Players Defense
Defense Defense Time % Phy DF OF
1 Drew Doughty Lubomir Visnovsky 60 1 4 0
2 Michael Kostka Tim Ramholt 40 1 4 0
4 vs 4 Forward
Center Wing Time % Phy DF OF
1 Anze Kopitar Chad Larose 60 1 2 2
2 Jordan Eberle Evander Kane 40 1 2 2
4 vs 4 Defense
Defense Defense Time % Phy DF OF
1 Erik Karlsson Drew Doughty 60 1 2 2
2 Lubomir Visnovsky Michael Kostka 40 1 2 2
Last Minutes Offensive
Center Left Wing Right Wing Defense Defense
Anze Kopitar Evander Kane Jordan Eberle Drew Doughty Erik Karlsson
Last Minutes Defensive
Center Left Wing Right Wing Defense Defense
Anze Kopitar Erik Cole Chad Larose Drew Doughty Lubomir Visnovsky
Goaltenders
Starting : Jonathan Quick
Backup : Evgeni Nabokov
Extra Forwards
Normal : Anze Kopitar, Jordan Eberle, Chad Larose - PP : Ted Purcell, Dominic Moore - PK : Anze Kopitar
Extra Defensemen
Normal : Drew Doughty, Brent Sopel, Lubomir Visnovsky - PP : Brent Sopel - PK : Drew Doughty, Brent Sopel
Penalty Shots
Anze Kopitar, Evander Kane, Ted Purcell, Jordan Eberle, Dominic Moore
Panthers
5 vs 5 Forward
Center Left Wing Right Wing Time % Phy DF OF
1 Sidney Crosby Guillaume Latendresse Marian Hossa 40 0 2 3
2 Scott Gomez Sergei Samsonov Peter Prucha 30 0 2 3
3 Shawn Horcoff Jeff Tambellini Alexander Perezhogin 20 0 3 2
4 Mike Fisher Ryan Bayda Matt Halischuk 10 1 2 2
5 vs 5 Defense
Defense Defense Time % Phy DF OF
1 Steve Montador Oliver Ekman-Larsson 40 0 2 3
2 Matthew Spiller Keith Aulie 30 0 2 3
3 Brad Stuart Nick Schultz 20 1 2 2
4 Steve Montador Oliver Ekman-Larsson 10 0 2 3
PowerPlay Forward
Center Left Wing Right Wing Time % Phy DF OF
1 Sidney Crosby Guillaume Latendresse Marian Hossa 60 0 1 4
2 Scott Gomez Sergei Samsonov Peter Prucha 40 0 1 4
PowerPlay Defense
Defense Defense Time % Phy DF OF
1 Steve Montador Oliver Ekman-Larsson 60 0 2 3
2 Matthew Spiller Keith Aulie 40 0 2 3
Penalty Kill 4 Players Forward
Center Wing Time % Phy DF OF
1 Sidney Crosby Guillaume Latendresse 60 1 4 0
2 Scott Gomez Sergei Samsonov 40 1 4 0
Penalty Kill 4 Players Defense
Defense Defense Time % Phy DF OF
1 Steve Montador Matthew Spiller 60 1 4 0
2 Oliver Ekman-Larsson Brad Stuart 40 1 4 0
Penalty Kill - 3 Players Forward
Forward Time % Phy DF OF
1 Scott Gomez 60 1 4 0
2 Sidney Crosby 40 1 4 0
Penalty Kill - 3 Players Defense
Defense Defense Time % Phy DF OF
1 Steve Montador Matthew Spiller 60 1 4 0
2 Oliver Ekman-Larsson Brad Stuart 40 1 4 0
4 vs 4 Forward
Center Wing Time % Phy DF OF
1 Sidney Crosby Guillaume Latendresse 60 0 2 3
2 Scott Gomez Marian Hossa 40 0 2 3
4 vs 4 Defense
Defense Defense Time % Phy DF OF
1 Steve Montador Oliver Ekman-Larsson 60 1 2 2
2 Matthew Spiller Keith Aulie 40 1 2 2
Last Minutes Offensive
Center Left Wing Right Wing Defense Defense
Sidney Crosby Guillaume Latendresse Marian Hossa Steve Montador Oliver Ekman-Larsson
Last Minutes Defensive
Center Left Wing Right Wing Defense Defense
Scott Gomez Guillaume Latendresse Marian Hossa Steve Montador Matthew Spiller
Goaltenders
Starting : Antti Niemi
Backup : Keith Kinkaid
Extra Forwards
Normal : Scott Gomez, Guillaume Latendresse, Marian Hossa - PP : Scott Gomez, Ryan Bayda - PK : Ryan Bayda
Extra Defensemen
Normal : Keith Aulie, Steve Montador, Oliver Ekman-Larsson - PP : Nick Schultz - PK : Oliver Ekman-Larsson, Brad Stuart
Penalty Shots
Sidney Crosby, Sergei Samsonov, Peter Prucha, Marian Hossa, Jeff Tambellini
% Time on Ice - Kings
Lines # - Real PCT - Wanted PCT - Time Play
Normal Forward
1 - 34% - 35% - 14:35
2 - 35% - 35% - 14:49
3 - 18% - 20% - 7:43
4 - 13% - 10% - 5:39
Normal Defense
1 - 41% - 40% - 17:31
2 - 38% - 35% - 16:15
3 - 21% - 25% - 9:00
4 - 0% - 0% - 0:00
PP Forward
1 - 59% - 60% - 5:05
2 - 41% - 40% - 3:30
PP Defense
1 - 50% - 60% - 4:19
2 - 50% - 40% - 4:16
PK Forward
1 - 77% - 60% - 4:37
2 - 23% - 40% - 1:25
PK Defense
1 - 52% - 60% - 3:09
2 - 48% - 40% - 2:53
PK3 Forward
1 - 0% - 60%
2 - 0% - 40%
PK3 Defense
1 - 0% - 60%
2 - 0% - 40%
44 Forward
1 - 80% - 60% - 1:31
2 - 20% - 40% - 0:23
44 Defense
1 - 76% - 60% - 1:27
2 - 24% - 40% - 0:27
Last Minute Offensive - 0:00
Last Minute Defensive - 0:43
Total
Forward - 60:00
Defense - 60:00
|
% Time on Ice - Panthers
Lines # - Real PCT - Wanted PCT - Time Play
Normal Forward
1 - 34% - 40% - 14:27
2 - 27% - 30% - 11:24
3 - 21% - 20% - 8:50
4 - 19% - 10% - 8:06
Normal Defense
1 - 40% - 40% - 17:13
2 - 35% - 30% - 14:59
3 - 21% - 20% - 8:47
4 - 4% - 10% - 1:48
PP Forward
1 - 57% - 60% - 3:27
2 - 43% - 40% - 2:35
PP Defense
1 - 50% - 60% - 3:02
2 - 50% - 40% - 3:00
PK Forward
1 - 75% - 60% - 6:27
2 - 25% - 40% - 2:08
PK Defense
1 - 70% - 60% - 6:02
2 - 30% - 40% - 2:33
PK3 Forward
1 - 0% - 60%
2 - 0% - 40%
PK3 Defense
1 - 0% - 60%
2 - 0% - 40%
44 Forward
1 - 100% - 60% - 1:54
2 - 0% - 40% - 0:00
44 Defense
1 - 68% - 60% - 1:17
2 - 32% - 40% - 0:37
Last Minute Offensive - 0:42
Last Minute Defensive - 0:00
Total
Forward - 60:00
Defense - 60:00
|
Play by Play
1st period
0:01 of 1st period - Sidney Crosby wins face-off versus Jordan Nolan in neutral zone.
0:06 of 1st period - Slapshot by Sidney Crosby.
0:06 of 1st period - Stopped by Jonathan Quick without a rebound.
0:07 of 1st period - Sidney Crosby wins face-off versus Jordan Nolan in Kings zone.
0:54 of 1st period - Wrist shot by Guillaume Latendresse.
0:54 of 1st period - Shot Misses the Net.
0:56 of 1st period - Slapshot by Steve Montador.
0:56 of 1st period - Shot Misses the Net.
0:58 of 1st period - Wrist shot by Marian Hossa.
0:58 of 1st period - Stopped by Jonathan Quick without a rebound.
0:59 of 1st period - Anze Kopitar wins face-off versus Scott Gomez in Kings zone.
0:59 of 1st period - Anze Kopitar is hit by Sergei Samsonov.
2:11 of 1st period - Slapshot by Sergei Samsonov.
2:11 of 1st period - Stopped by Jonathan Quick without a rebound.
2:12 of 1st period - Chad Larose wins face-off versus Scott Gomez in Kings zone.
2:19 of 1st period - Wrist shot by Anze Kopitar.
2:19 of 1st period - Shot Blocked by Peter Prucha.
2:30 of 1st period - Brad Stuart is hit by Anze Kopitar and loses puck.
2:39 of 1st period - Lubomir Visnovsky is hit by Peter Prucha and loses puck.
2:50 of 1st period - Icing by Lubomir Visnovsky.
2:51 of 1st period - Shawn Horcoff wins face-off versus Anze Kopitar in Kings zone.
2:58 of 1st period - Wrist shot by Jeff Tambellini.
2:58 of 1st period - Stopped by Jonathan Quick without a rebound.
2:59 of 1st period - Erik Christensen wins face-off versus Shawn Horcoff in Kings zone.
3:57 of 1st period - Snap shot by Jordan Eberle.
3:57 of 1st period - Shot Blocked by Sergei Samsonov.
4:19 of 1st period - Wrist shot by Jordan Eberle.
4:19 of 1st period - Stopped by Antti Niemi with a rebound.
4:21 of 1st period - Slapshot by Ted Purcell.
4:21 of 1st period - Stopped by Antti Niemi with a rebound.
4:23 of 1st period - Slapshot by Michael Kostka.
4:23 of 1st period - Shot Blocked by Matthew Spiller.
4:47 of 1st period - Snap shot by Ted Purcell.
4:47 of 1st period - Goal by Ted Purcell - Kings : 1 - Panthers : 0.
4:48 of 1st period - Anze Kopitar wins face-off versus Marian Hossa in neutral zone.
5:57 of 1st period - Erik Karlsson is hit by Alexander Perezhogin and loses puck.
6:24 of 1st period - Wrist shot by Scott Gomez.
6:24 of 1st period - Deflect By Peter Prucha.
6:24 of 1st period - Shot Misses the Net.
6:24 of 1st period - Puck is out of play.
6:25 of 1st period - Erik Christensen wins face-off versus Guillaume Latendresse in Kings zone.
6:40 of 1st period - Snap shot by Drew Doughty.
6:40 of 1st period - Stopped by Antti Niemi with a rebound.
6:58 of 1st period - Snap shot by Shawn Horcoff.
6:58 of 1st period - Stopped by Jonathan Quick with a rebound.
7:00 of 1st period - Wrist shot by Oliver Ekman-Larsson.
7:00 of 1st period - Deflect By Ted Purcell.
7:00 of 1st period - Stopped by Jonathan Quick with a rebound.
7:02 of 1st period - Snap shot by Shawn Horcoff.
7:02 of 1st period - Shot Misses the Net.
7:16 of 1st period - Icing by Sergei Samsonov.
7:17 of 1st period - Dominic Moore wins face-off versus Scott Gomez in Panthers zone.
7:18 of 1st period - Wrist shot by Drew Doughty.
7:18 of 1st period - Shot Misses the Net.
7:31 of 1st period - Minor Penalty to Keith Aulie for Tripping.
7:32 of 1st period - Jordan Eberle wins face-off versus Sidney Crosby in Panthers zone.
8:13 of 1st period - Wrist shot by Chad Larose.
8:13 of 1st period - Shot Blocked by Sergei Samsonov.
8:47 of 1st period - Drew Doughty is hit by Brad Stuart and loses puck.
9:31 of 1st period - Penalty to Keith Aulie is over, Keith Aulie is back on ice.
9:40 of 1st period - Shawn Horcoff is hit by Erik Karlsson and loses puck.
10:01 of 1st period - Erik Karlsson is hit by Nick Schultz and loses puck.
10:24 of 1st period - Lubomir Visnovsky is hit by Scott Gomez and loses puck.
10:45 of 1st period - Brent Sopel is hit by Mike Fisher and loses puck.
11:16 of 1st period - Dominic Moore is hit by Shawn Horcoff and loses puck.
11:29 of 1st period - Jordan Eberle is hit by Peter Prucha.
11:45 of 1st period - Erik Cole is hit by Matt Halischuk.
11:49 of 1st period - Erik Cole is hit by Matt Halischuk and loses puck.
12:13 of 1st period - Ladislav Nagy is hit by Scott Gomez and loses puck.
12:28 of 1st period - Jordan Eberle is hit by Alexander Perezhogin and loses puck.
12:54 of 1st period - Chad Larose is hit by Marian Hossa and loses puck.
13:36 of 1st period - Michael Kostka is hit by Matt Halischuk and loses puck.
13:52 of 1st period - Anze Kopitar is hit by Matthew Spiller and loses puck.
14:04 of 1st period - Brad Stuart is hit by Chad Larose and loses puck.
14:15 of 1st period - Snap shot by Anze Kopitar.
14:15 of 1st period - Stopped by Antti Niemi with a rebound.
14:25 of 1st period - Matt Halischuk is hit by Tim Ramholt and loses puck.
14:34 of 1st period - Wrist shot by Evander Kane.
14:34 of 1st period - Shot Misses the Net.
15:00 of 1st period - Chad Larose is hit by Brad Stuart and loses puck.
15:05 of 1st period - Wrist shot by Matt Halischuk.
15:05 of 1st period - Shot Blocked by Erik Karlsson.
15:15 of 1st period - Wrist shot by Ryan Bayda.
15:15 of 1st period - Stopped by Jonathan Quick with a rebound.
15:29 of 1st period - Slapshot by Evander Kane.
15:29 of 1st period - Shot Hit the Post.
15:59 of 1st period - Slapshot by Mike Fisher.
15:59 of 1st period - Goal by Mike Fisher - Kings : 1 - Panthers : 1.
16:00 of 1st period - Jordan Nolan wins face-off versus Sidney Crosby in neutral zone.
16:32 of 1st period - Slapshot by Brent Sopel.
16:32 of 1st period - Stopped by Antti Niemi with a rebound.
16:34 of 1st period - Wrist shot by Erik Cole.
16:34 of 1st period - Stopped by Antti Niemi with a rebound.
16:46 of 1st period - Slapshot by Ladislav Nagy.
16:46 of 1st period - Shot Misses the Net.
16:48 of 1st period - Wrist shot by Lubomir Visnovsky.
16:48 of 1st period - Shot Misses the Net.
17:04 of 1st period - Steve Montador is hit by Michael Kostka and loses puck.
17:09 of 1st period - Slapshot by Drew Doughty.
17:09 of 1st period - Deflect By Jordan Eberle.
17:09 of 1st period - Shot Blocked by Guillaume Latendresse.
17:09 of 1st period - Puck is out of play.
17:10 of 1st period - Erik Christensen wins face-off versus Sidney Crosby in Panthers zone.
17:11 of 1st period - Snap shot by Drew Doughty.
17:11 of 1st period - Stopped by Antti Niemi with a rebound.
17:29 of 1st period - Marian Hossa is hit by Lubomir Visnovsky and loses puck.
17:44 of 1st period - Snap shot by Peter Prucha.
17:44 of 1st period - Stopped by Jonathan Quick with a rebound.
18:01 of 1st period - Off-side.
18:02 of 1st period - Dominic Moore wins face-off versus Shawn Horcoff in neutral zone.
18:14 of 1st period - Wrist shot by Dominic Moore.
18:14 of 1st period - Stopped by Antti Niemi without a rebound.
18:15 of 1st period - Jordan Nolan wins face-off versus Sidney Crosby in Panthers zone.
19:06 of 1st period - Minor Penalty to Matthew Spiller for Diving.
19:07 of 1st period - Sidney Crosby wins face-off versus Jordan Nolan in Panthers zone.
19:07 of 1st period - Sidney Crosby is hit by Jordan Nolan.
19:16 of 1st period - Wrist shot by Jordan Nolan.
19:16 of 1st period - Shot Misses the Net.
Goals for this period are 1 for Kings vs 1 for Panthers.
Shots for this period are 9 for Kings vs 9 for Panthers.
2nd period
0:01 of 2nd period - Sidney Crosby wins face-off versus Anze Kopitar in neutral zone.
0:53 of 2nd period - Evander Kane is hit by Brad Stuart.
0:57 of 2nd period - Erik Christensen is hit by Brad Stuart and loses puck.
1:06 of 2nd period - Penalty to Matthew Spiller is over, Matthew Spiller is back on ice.
1:20 of 2nd period - Snap shot by Alexander Perezhogin.
1:20 of 2nd period - Shot Blocked by Ladislav Nagy.
2:06 of 2nd period - Wrist shot by Cam Atkinson.
2:06 of 2nd period - Stopped by Antti Niemi with a rebound.
2:47 of 2nd period - Slapshot by Sergei Samsonov.
2:47 of 2nd period - Stopped by Jonathan Quick with a rebound.
3:00 of 2nd period - Minor Penalty to Erik Christensen for Delaying the game.
3:01 of 2nd period - Sidney Crosby wins face-off versus Dominic Moore in Kings zone.
3:10 of 2nd period - Wrist shot by Marian Hossa.
3:10 of 2nd period - Shot Blocked by Michael Kostka.
3:12 of 2nd period - Slapshot by Keith Aulie.
3:12 of 2nd period - Shot Blocked by Tim Ramholt.
3:38 of 2nd period - Dominic Moore is hit by Keith Aulie.
4:56 of 2nd period - Oliver Ekman-Larsson is hit by Erik Cole and loses puck.
5:00 of 2nd period - Penalty to Erik Christensen is over, Erik Christensen is back on ice.
5:15 of 2nd period - Backhand shot by Erik Christensen.
5:15 of 2nd period - Shot Misses the Net.
5:17 of 2nd period - Slapshot by Lubomir Visnovsky.
5:17 of 2nd period - Stopped by Antti Niemi with a rebound.
5:19 of 2nd period - Wrist shot by Daniel Cleary.
5:19 of 2nd period - Deflect By Erik Cole.
5:19 of 2nd period - Stopped by Antti Niemi with a rebound.
5:23 of 2nd period - Wrist shot by Daniel Cleary.
5:23 of 2nd period - Shot Misses the Net.
5:25 of 2nd period - Slapshot by Drew Doughty.
5:25 of 2nd period - Deflect By Daniel Cleary.
5:25 of 2nd period - Stopped by Antti Niemi without a rebound.
5:26 of 2nd period - Shawn Horcoff wins face-off versus Jordan Nolan in Panthers zone.
5:26 of 2nd period - Shawn Horcoff is hit by Jordan Nolan.
5:44 of 2nd period - Shawn Horcoff is hit by Jordan Eberle.
6:00 of 2nd period - Snap shot by Sidney Crosby.
6:00 of 2nd period - Goal by Sidney Crosby - Kings : 1 - Panthers : 2.
6:01 of 2nd period - Guillaume Latendresse wins face-off versus Jordan Nolan in neutral zone.
6:06 of 2nd period - Drew Doughty is hit by Sidney Crosby and loses puck.
6:15 of 2nd period - Snap shot by Sidney Crosby.
6:15 of 2nd period - Deflect By Guillaume Latendresse.
6:15 of 2nd period - Goal by Guillaume Latendresse - Kings : 1 - Panthers : 3.
6:16 of 2nd period - Jordan Nolan wins face-off versus Sidney Crosby in neutral zone.
6:43 of 2nd period - Sergei Samsonov is hit by Lubomir Visnovsky and loses puck.
6:50 of 2nd period - Wrist shot by Scott Gomez.
6:50 of 2nd period - Stopped by Jonathan Quick without a rebound.
6:51 of 2nd period - Sidney Crosby wins face-off versus Anze Kopitar in Kings zone.
6:52 of 2nd period - Wrist shot by Marian Hossa.
6:52 of 2nd period - Shot Misses the Net.
6:54 of 2nd period - Wrist shot by Guillaume Latendresse.
6:54 of 2nd period - Stopped by Jonathan Quick without a rebound.
6:55 of 2nd period - Sidney Crosby wins face-off versus Anze Kopitar in Kings zone.
7:08 of 2nd period - Snap shot by Anze Kopitar.
7:08 of 2nd period - Shot Misses the Net.
7:24 of 2nd period - Slapshot by Michael Kostka.
7:24 of 2nd period - Stopped by Antti Niemi without a rebound.
7:25 of 2nd period - Erik Christensen wins face-off versus Scott Gomez in Panthers zone.
7:32 of 2nd period - Wrist shot by Erik Cole.
7:32 of 2nd period - Shot Blocked by Steve Montador.
7:34 of 2nd period - Slapshot by Erik Christensen.
7:34 of 2nd period - Goal by Erik Christensen - Kings : 2 - Panthers : 3.
7:35 of 2nd period - Sidney Crosby wins face-off versus Jordan Eberle in neutral zone.
7:41 of 2nd period - Off-side.
7:42 of 2nd period - Sidney Crosby wins face-off versus Jordan Nolan in neutral zone.
7:52 of 2nd period - Wrist shot by Ted Purcell.
7:52 of 2nd period - Shot Misses the Net.
7:54 of 2nd period - Snap shot by Lubomir Visnovsky.
7:54 of 2nd period - Shot Misses the Net.
8:39 of 2nd period - Snap shot by Jeff Tambellini.
8:39 of 2nd period - Shot Misses the Net.
8:52 of 2nd period - Off-side.
8:53 of 2nd period - Mike Fisher wins face-off versus Dominic Moore in neutral zone.
8:56 of 2nd period - Slapshot by Keith Aulie.
8:56 of 2nd period - Shot Blocked by Daniel Cleary.
9:04 of 2nd period - Snap shot by Ladislav Nagy.
9:04 of 2nd period - Stopped by Antti Niemi without a rebound.
9:05 of 2nd period - Guillaume Latendresse wins face-off versus Jordan Nolan in Panthers zone.
9:34 of 2nd period - Snap shot by Keith Aulie.
9:34 of 2nd period - Shot Misses the Net.
9:36 of 2nd period - Wrist shot by Scott Gomez.
9:36 of 2nd period - Shot Blocked by Drew Doughty.
9:38 of 2nd period - Slapshot by Sergei Samsonov.
9:38 of 2nd period - Stopped by Jonathan Quick with a rebound.
10:04 of 2nd period - Snap shot by Matt Halischuk.
10:04 of 2nd period - Stopped by Jonathan Quick without a rebound.
10:05 of 2nd period - Ted Purcell wins face-off versus Sidney Crosby in Kings zone.
10:05 of 2nd period - Ted Purcell is hit by Sidney Crosby.
10:27 of 2nd period - Minor Penalty to Guillaume Latendresse for Hooking.
10:28 of 2nd period - Anze Kopitar wins face-off versus Sidney Crosby in Panthers zone.
10:55 of 2nd period - Matthew Spiller is hit by Chad Larose and loses puck.
12:25 of 2nd period - Snap shot by Scott Gomez.
12:25 of 2nd period - Stopped by Jonathan Quick without a rebound.
12:26 of 2nd period - Scott Gomez wins face-off versus Jordan Nolan in Kings zone.
12:27 of 2nd period - Penalty to Guillaume Latendresse is over, Guillaume Latendresse is back on ice.
12:35 of 2nd period - Snap shot by Scott Gomez.
12:35 of 2nd period - Stopped by Jonathan Quick without a rebound.
12:36 of 2nd period - Jordan Nolan wins face-off versus Sidney Crosby in Kings zone.
13:05 of 2nd period - Slapshot by Drew Doughty.
13:05 of 2nd period - Stopped by Antti Niemi with a rebound.
13:48 of 2nd period - Backhand shot by Matt Halischuk.
13:48 of 2nd period - Stopped by Jonathan Quick without a rebound.
13:49 of 2nd period - Sidney Crosby wins face-off versus Jordan Nolan in Kings zone.
14:05 of 2nd period - Snap shot by Marian Hossa.
14:05 of 2nd period - Stopped by Jonathan Quick without a rebound.
14:06 of 2nd period - Scott Gomez wins face-off versus Chad Larose in Kings zone.
14:13 of 2nd period - Wrist shot by Scott Gomez.
14:13 of 2nd period - Stopped by Jonathan Quick with a rebound.
14:15 of 2nd period - Slapshot by Scott Gomez.
14:15 of 2nd period - Stopped by Jonathan Quick with a rebound.
14:17 of 2nd period - Snap shot by Sergei Samsonov.
14:17 of 2nd period - Stopped by Jonathan Quick without a rebound.
14:18 of 2nd period - Sidney Crosby wins face-off versus Jordan Nolan in Kings zone.
15:51 of 2nd period - Slapshot by Dominic Moore.
15:51 of 2nd period - Stopped by Antti Niemi with a rebound.
16:01 of 2nd period - Minor Penalty to Nick Schultz for Holding.
16:02 of 2nd period - Sidney Crosby wins face-off versus Anze Kopitar in Panthers zone.
16:10 of 2nd period - Snap shot by Anze Kopitar.
16:10 of 2nd period - Stopped by Antti Niemi without a rebound.
16:11 of 2nd period - Anze Kopitar wins face-off versus Sidney Crosby in Panthers zone.
16:25 of 2nd period - Icing by Anze Kopitar.
16:26 of 2nd period - Anze Kopitar wins face-off versus Sidney Crosby in Kings zone.
16:35 of 2nd period - Wrist shot by Evander Kane.
16:35 of 2nd period - Goal by Evander Kane - Kings : 3 - Panthers : 3.
16:36 of 2nd period - Jordan Nolan wins face-off versus Marian Hossa in neutral zone.
17:01 of 2nd period - Snap shot by Chad Larose.
17:01 of 2nd period - Shot Misses the Net.
17:03 of 2nd period - Wrist shot by Evander Kane.
17:03 of 2nd period - Goal by Evander Kane - Kings : 4 - Panthers : 3.
17:04 of 2nd period - Sidney Crosby wins face-off versus Jordan Nolan in neutral zone.
17:17 of 2nd period - Wrist shot by Sidney Crosby.
17:17 of 2nd period - Shot Misses the Net.
17:19 of 2nd period - Slapshot by Steve Montador.
17:19 of 2nd period - Stopped by Jonathan Quick with a rebound.
17:27 of 2nd period - Minor Penalty to Brent Sopel for Hooking.
17:28 of 2nd period - Sidney Crosby wins face-off versus Dominic Moore in Kings zone.
17:29 of 2nd period - Snap shot by Guillaume Latendresse.
17:29 of 2nd period - Shot Misses the Net.
17:31 of 2nd period - Slapshot by Sidney Crosby.
17:31 of 2nd period - Stopped by Jonathan Quick with a rebound.
17:35 of 2nd period - Snap shot by Marian Hossa.
17:35 of 2nd period - Shot Blocked by Dominic Moore.
17:37 of 2nd period - Slapshot by Oliver Ekman-Larsson.
17:37 of 2nd period - Stopped by Jonathan Quick without a rebound.
17:38 of 2nd period - Sidney Crosby wins face-off versus Dominic Moore in Kings zone.
17:39 of 2nd period - Wrist shot by Guillaume Latendresse.
17:39 of 2nd period - Deflect By Drew Doughty.
17:39 of 2nd period - Stopped by Jonathan Quick without a rebound.
17:40 of 2nd period - Sidney Crosby wins face-off versus Dominic Moore in Kings zone.
18:07 of 2nd period - Oliver Ekman-Larsson is hit by Drew Doughty and loses puck.
18:39 of 2nd period - Icing by Keith Aulie.
18:40 of 2nd period - Anze Kopitar wins face-off versus Sidney Crosby in Panthers zone.
18:43 of 2nd period - Wrist shot by Anze Kopitar.
18:43 of 2nd period - Stopped by Antti Niemi with a rebound.
18:46 of 2nd period - Icing by Sidney Crosby.
18:47 of 2nd period - Dominic Moore wins face-off versus Sidney Crosby in Panthers zone.
19:27 of 2nd period - Penalty to Brent Sopel is over, Brent Sopel is back on ice.
Goals for this period are 3 for Kings vs 2 for Panthers.
Shots for this period are 13 for Kings vs 18 for Panthers.
3rd period
0:01 of 3rd period - Sidney Crosby wins face-off versus Anze Kopitar in neutral zone.
0:08 of 3rd period - Snap shot by Guillaume Latendresse.
0:08 of 3rd period - Goal by Guillaume Latendresse - Kings : 4 - Panthers : 4.
0:09 of 3rd period - Sidney Crosby wins face-off versus Anze Kopitar in neutral zone.
0:29 of 3rd period - Minor Penalty to Jordan Nolan for Tripping.
0:30 of 3rd period - Sidney Crosby wins face-off versus Dominic Moore in Kings zone.
2:26 of 3rd period - Snap shot by Alexander Perezhogin.
2:26 of 3rd period - Shot Misses the Net.
2:28 of 3rd period - Slapshot by Keith Aulie.
2:28 of 3rd period - Deflect By Chad Larose.
2:28 of 3rd period - Stopped by Jonathan Quick without a rebound.
2:29 of 3rd period - Penalty to Jordan Nolan is over, Jordan Nolan is back on ice.
2:29 of 3rd period - Jordan Nolan wins face-off versus Ryan Bayda in Kings zone.
2:29 of 3rd period - Jordan Nolan is hit by Oliver Ekman-Larsson.
2:35 of 3rd period - Brent Sopel is hit by Ryan Bayda.
3:18 of 3rd period - Guillaume Latendresse is hit by Evander Kane and loses puck.
3:28 of 3rd period - Icing by Matthew Spiller.
3:29 of 3rd period - Scott Gomez wins face-off versus Jordan Nolan in Panthers zone.
3:31 of 3rd period - Icing by Matthew Spiller.
3:32 of 3rd period - Jordan Nolan wins face-off versus Scott Gomez in Panthers zone.
4:17 of 3rd period - Slapshot by Drew Doughty.
4:17 of 3rd period - Shot Misses the Net.
4:25 of 3rd period - Slapshot by Jeff Tambellini.
4:25 of 3rd period - Deflect By Alexander Perezhogin.
4:25 of 3rd period - Shot Blocked by Lubomir Visnovsky.
4:25 of 3rd period - Puck is out of play.
4:26 of 3rd period - Evander Kane wins face-off versus Sidney Crosby in Kings zone.
4:39 of 3rd period - Slapshot by Anze Kopitar.
4:39 of 3rd period - Shot Misses the Net.
5:18 of 3rd period - Snap shot by Marian Hossa.
5:18 of 3rd period - Deflect By Guillaume Latendresse.
5:18 of 3rd period - Stopped by Jonathan Quick with a rebound.
5:20 of 3rd period - Slapshot by Oliver Ekman-Larsson.
5:20 of 3rd period - Stopped by Jonathan Quick without a rebound.
5:21 of 3rd period - Anze Kopitar wins face-off versus Sergei Samsonov in Kings zone.
5:50 of 3rd period - Shawn Horcoff is hit by Tim Ramholt and loses puck.
6:40 of 3rd period - Icing by Drew Doughty.
6:41 of 3rd period - Sidney Crosby wins face-off versus Dominic Moore in Kings zone.
6:42 of 3rd period - Snap shot by Guillaume Latendresse.
6:42 of 3rd period - Shot Blocked by Brent Sopel.
6:44 of 3rd period - Snap shot by Keith Aulie.
6:44 of 3rd period - Deflect By Daniel Cleary.
6:44 of 3rd period - Stopped by Jonathan Quick with a rebound.
6:46 of 3rd period - Wrist shot by Matthew Spiller.
6:46 of 3rd period - Stopped by Jonathan Quick with a rebound.
6:50 of 3rd period - Wrist shot by Sidney Crosby.
6:50 of 3rd period - Shot Misses the Net.
6:52 of 3rd period - Snap shot by Marian Hossa.
6:52 of 3rd period - Shot Misses the Net.
6:54 of 3rd period - Slapshot by Keith Aulie.
6:54 of 3rd period - Stopped by Jonathan Quick with a rebound.
6:56 of 3rd period - Snap shot by Sidney Crosby.
6:56 of 3rd period - Shot Misses the Net.
7:03 of 3rd period - Icing by Daniel Cleary.
7:04 of 3rd period - Dominic Moore wins face-off versus Scott Gomez in Kings zone.
7:17 of 3rd period - Snap shot by Evander Kane.
7:17 of 3rd period - Stopped by Antti Niemi without a rebound.
7:18 of 3rd period - Sidney Crosby wins face-off versus Jordan Nolan in Panthers zone.
7:29 of 3rd period - Snap shot by Marian Hossa.
7:29 of 3rd period - Shot Blocked by Ted Purcell.
7:31 of 3rd period - Slapshot by Sidney Crosby.
7:31 of 3rd period - Stopped by Jonathan Quick with a rebound.
7:33 of 3rd period - Wrist shot by Marian Hossa.
7:33 of 3rd period - Deflect By Sidney Crosby.
7:33 of 3rd period - Shot Misses the Net.
7:33 of 3rd period - Puck is out of play.
7:34 of 3rd period - Scott Gomez wins face-off versus Anze Kopitar in Kings zone.
8:44 of 3rd period - Icing by Tim Ramholt.
8:45 of 3rd period - Mike Fisher wins face-off versus Anze Kopitar in Kings zone.
8:48 of 3rd period - Wrist shot by Ryan Bayda.
8:48 of 3rd period - Stopped by Jonathan Quick without a rebound.
8:49 of 3rd period - Anze Kopitar wins face-off versus Mike Fisher in Kings zone.
9:15 of 3rd period - Snap shot by Sidney Crosby.
9:15 of 3rd period - Stopped by Jonathan Quick without a rebound.
9:16 of 3rd period - Sidney Crosby wins face-off versus Jordan Nolan in Kings zone.
9:27 of 3rd period - Snap shot by Jordan Eberle.
9:27 of 3rd period - Stopped by Antti Niemi with a rebound.
9:29 of 3rd period - Snap shot by Jordan Eberle.
9:29 of 3rd period - Shot Blocked by Sidney Crosby.
9:31 of 3rd period - Snap shot by Michael Kostka.
9:31 of 3rd period - Shot Misses the Net.
9:41 of 3rd period - Chad Larose is hit by Scott Gomez and loses puck.
10:09 of 3rd period - Snap shot by Erik Christensen.
10:09 of 3rd period - Goal by Erik Christensen - Kings : 5 - Panthers : 4.
10:10 of 3rd period - Anze Kopitar wins face-off versus Sidney Crosby in neutral zone.
10:12 of 3rd period - Off-side.
10:13 of 3rd period - Sidney Crosby wins face-off versus Anze Kopitar in neutral zone.
10:22 of 3rd period - Minor Penalty to Guillaume Latendresse for Interference.
10:23 of 3rd period - Sidney Crosby wins face-off versus Evander Kane in Panthers zone.
10:27 of 3rd period - Minor Penalty to Evander Kane for Interference.
10:28 of 3rd period - Sidney Crosby wins face-off versus Anze Kopitar in Kings zone.
10:29 of 3rd period - Snap shot by Scott Gomez.
10:29 of 3rd period - Shot Blocked by Drew Doughty.
10:55 of 3rd period - Drew Doughty is hit by Marian Hossa.
11:17 of 3rd period - Marian Hossa is hit by Michael Kostka.
11:18 of 3rd period - Icing by Marian Hossa.
11:19 of 3rd period - Marian Hossa wins face-off versus Anze Kopitar in Panthers zone.
11:37 of 3rd period - Slapshot by Oliver Ekman-Larsson.
11:37 of 3rd period - Stopped by Jonathan Quick with a rebound.
11:39 of 3rd period - Wrist shot by Sidney Crosby.
11:39 of 3rd period - Shot Blocked by Chad Larose.
11:41 of 3rd period - Snap shot by Scott Gomez.
11:41 of 3rd period - Shot Misses the Net.
11:51 of 3rd period - Anze Kopitar is hit by Keith Aulie and loses puck.
12:08 of 3rd period - Slapshot by Jordan Eberle.
12:08 of 3rd period - Shot Blocked by Matthew Spiller.
12:14 of 3rd period - Snap shot by Jordan Eberle.
12:14 of 3rd period - Shot Misses the Net.
12:22 of 3rd period - Penalty to Guillaume Latendresse is over, Guillaume Latendresse is back on ice.
12:27 of 3rd period - Penalty to Evander Kane is over, Evander Kane is back on ice.
12:43 of 3rd period - Snap shot by Guillaume Latendresse.
12:43 of 3rd period - Stopped by Jonathan Quick with a rebound.
12:53 of 3rd period - Snap shot by Sidney Crosby.
12:53 of 3rd period - Shot Misses the Net.
12:55 of 3rd period - Slapshot by Matthew Spiller.
12:55 of 3rd period - Shot Misses the Net.
12:57 of 3rd period - Slapshot by Matthew Spiller.
12:57 of 3rd period - Stopped by Jonathan Quick without a rebound.
12:58 of 3rd period - Jordan Nolan wins face-off versus Shawn Horcoff in Kings zone.
12:58 of 3rd period - Jordan Nolan is hit by Jeff Tambellini.
13:24 of 3rd period - Brent Sopel is hit by Ryan Bayda and loses puck.
13:32 of 3rd period - Off-side.
13:33 of 3rd period - Shawn Horcoff wins face-off versus Anze Kopitar in neutral zone.
13:48 of 3rd period - Icing by Chad Larose.
13:49 of 3rd period - Anze Kopitar wins face-off versus Scott Gomez in Kings zone.
13:49 of 3rd period - Anze Kopitar is hit by Peter Prucha.
13:55 of 3rd period - Evander Kane is hit by Sergei Samsonov and loses puck.
14:30 of 3rd period - Minor Penalty to Marian Hossa for Hooking.
14:31 of 3rd period - Anze Kopitar wins face-off versus Sidney Crosby in Panthers zone.
16:30 of 3rd period - Penalty to Marian Hossa is over, Marian Hossa is back on ice.
16:59 of 3rd period - Slapshot by Erik Karlsson.
16:59 of 3rd period - Shot Blocked by Matt Halischuk.
17:11 of 3rd period - Alexander Perezhogin is hit by Anze Kopitar and loses puck.
17:39 of 3rd period - Drew Doughty is hit by Sidney Crosby and loses puck.
18:06 of 3rd period - Matt Halischuk is hit by Ladislav Nagy and loses puck.
18:23 of 3rd period - Michael Kostka is hit by Shawn Horcoff and loses puck.
18:34 of 3rd period - Slapshot by Jeff Tambellini.
18:34 of 3rd period - Stopped by Jonathan Quick with a rebound.
18:44 of 3rd period - Scott Gomez is hit by Chad Larose and loses puck.
19:07 of 3rd period - Wrist shot by Drew Doughty.
19:07 of 3rd period - Shot Blocked by Nick Schultz.
19:09 of 3rd period - Wrist shot by Erik Cole.
19:09 of 3rd period - Deflect By Dominic Moore.
19:09 of 3rd period - Stopped by Antti Niemi without a rebound.
19:10 of 3rd period - Alain Vigneault call a timeout for Panthers.
19:10 of 3rd period - Marian Hossa wins face-off versus Dominic Moore in Panthers zone.
19:15 of 3rd period - Panthers, Antti Niemi is pulled from the net.
19:27 of 3rd period - Snap shot by Dominic Moore.
19:27 of 3rd period - Shot Blocked by Marian Hossa.
19:29 of 3rd period - Snap shot by Daniel Cleary.
19:29 of 3rd period - Shot Misses the Net.
19:31 of 3rd period - Snap shot by Lubomir Visnovsky.
19:31 of 3rd period - Goal by Lubomir Visnovsky - Kings : 6 - Panthers : 4.
19:31 of 3rd period - Antti Niemi from Panthers was sent back in the game.
19:32 of 3rd period - Erik Christensen wins face-off versus Shawn Horcoff in neutral zone.
19:45 of 3rd period - Slapshot by Drew Doughty.
19:45 of 3rd period - Stopped by Antti Niemi with a rebound.
19:47 of 3rd period - Snap shot by Erik Christensen.
19:47 of 3rd period - Shot Blocked by Oliver Ekman-Larsson.
19:57 of 3rd period - Slapshot by Daniel Cleary.
19:57 of 3rd period - Shot Misses the Net.
Goals for this period are 2 for Kings vs 1 for Panthers.
Shots for this period are 6 for Kings vs 14 for Panthers.
Back to the Top